[Event "*** Titled Tuesday Blitz"]
[Site "Chess.com"]
[Date "2021.04.20"]
[Round "1"]
[White "zurzan"]
[Black "woodhy"]
[Result "0-1"]
[WhiteElo "2005"]
[BlackElo "2482"]
[TimeControl "180+1"]
[EndTime "10:06:52 PDT"]
[Termination "woodhy won on time"]

1. f4 e6 2. Nf3 d5 3. g3 c5 4. Bg2 Nc6 5. O-O Nf6 6. d3 d4 7.
c3 Be7 8. e4 dxe3 9. Bxe3 O-O 10. h3 Qc7 11. Qe2 b6 12. Rd1 Rd8 13. Qf2 Bb7 14. a4 Rd7 15. Na3 Rad8 16. Ne1 Na5 17. Nb5 Qb8 18. c4 Nxc4 19. Bxb7 Qxb7 20. Nc3 Nxe3 21.
Qxe3 Nd5 22. Nxd5 Rxd5 23. Kh2 Bf6 24. Rab1 Qa6 25. b3 h5 26. g4 hxg4 27. hxg4 g5 28. f5 exf5 29. gxf5 Rxf5 30. Nf3 Qb7 31. Rf1 Qd7 32.
Rbe1 Qxd3 33. Qxd3 Rxd3 34. Re8+ Kg7 35. Nd2 Rxd2+ 36.
Kg1 Bd4+ 0-1

[Event "*** Titled Tuesday Blitz"]
[Site "Chess.com"]
[Date "2021.04.20"]
[Round "1"]
[White "bsnsun"]
[Black "ZaphenathPaneah"]
[Result "1-0"]
[WhiteElo "2475"]
[BlackElo "1853"]
[TimeControl "180+1"]
[EndTime "10:06:53 PDT"]
[Termination "bsnsun won by resignation"]

1. Nf3 d5 2. c4 e6 3. g3 Nf6 4.
Bg2 Be7 5. O-O O-O 6. b3 c5 7. e3 Nc6 8. Bb2 b6 9. cxd5 exd5 10.
d4 Bg4 11. dxc5 bxc5 12. h3 Bh5 13. g4 Bg6 14. Nc3 Qd7 15. Nh4 Rad8 16. Nxg6 hxg6 17.
Qe2 d4 18. Rad1 Qe6 19. exd4 Nxd4 20. Qxe6 Nxe6 21. Ne2 Ng5 22. f4 Nge4 23. g5 Nd5 24. Bxe4 Ne3 25. Rxd8 Rxd8 26. Re1 Rd2 27. Bc3 Rxa2 28.
Kf2 Nf5 29. Bxf5 gxf5 30. Rd1 c4 31. bxc4 Bc5+ 32. Kf3 Kf8 33. Rd8+ Ke7 34. Rc8 Bb6 35. Bxg7 Ra3+ 36. Kg2 Ra2 37. Kf3 Ra3+ 38. Nc3 Ba5 39. Bf8+ Kd7 40. Bxa3 Kxc8 41. Nb5 a6 42. Nd6+ Kd7 43.
Nxf7 Kc6 44. g6 1-0

[Event "*** Titled Tuesday Blitz"]
[Site "Chess.com"]
[Date "2021.04.20"]
[Round "1"]
[White "Blitzking642"]
[Black "Serly25"]
[Result "1-0"]
[WhiteElo "2478"]
[BlackElo "1947"]
[TimeControl "180+1"]
[EndTime "10:06:54 PDT"]
[Termination "Blitzking642 won on time"]

1. e4 e6 2. d4 d5 3. Nd2 dxe4 4. Nxe4 Nd7 5. Nf3 Ngf6 6. Nxf6+ Nxf6 7. Bd3 c5 8. dxc5 Bxc5 9. Qe2 O-O 10. O-O Qb6 11. c3 Bd7 12. Bg5 Nd5 13. Rad1 Bc6 14. Ne5 Be7 15. Bc1 Bf6 16. Nxc6 Qxc6 17. a3 Rad8 18. Be4 Qb6 19. Qf3 Ne7 20. Bxb7 Rb8 21. Be4 Rfd8 22. h4 h6 23. h5 Kh8 24. Bc2 Ng8 25.
Qe4 g6 26. hxg6 fxg6 27. Qxg6 Qc7 28. Bf4 Qe7 29. Bxb8 Rxb8 30. b4 a6 31. Rd3 Rc8 32. Rfd1 1-0

[Event "*** Titled Tuesday Blitz"]
[Site "Chess.com"]
[Date "2021.04.20"]
[Round "1"]
[White "Trickster_Pony"]
[Black "Sadykov_Ramil"]
[Result "0-1"]
[WhiteElo "1573"]
[BlackElo "2473"]
[TimeControl "180+1"]
[EndTime "10:06:54 PDT"]
[Termination "Sadykov_Ramil won by checkmate"]

1. c4 e6 2. g3 d5 3. Bg2 Nf6 4. Nf3 Be7 5. O-O O-O 6. cxd5 exd5 7. d4 c6 8. Nc3 Bf5 9. Bf4 Nbd7 10. Ne5 Re8 11.
f3 Nxe5 12. dxe5 Nd7 13. h4 Bc5+ 14. Kh1 Nxe5 15. e4 dxe4 16. fxe4 Qxd1 17. Rfxd1 Bg4 18.
Rd2 f6 19. Rc1 Bb6 20. Na4 Rad8 21. Nxb6 axb6 22. Rc3 Rxd2 23. Bxd2 Rd8 24. Bf4 Kf7 25. Rb3 b5 26. a4 Rd1+ 27. Kh2 Be6 28. Rb4 Ng4+ 29.
Kh3 Rg1 30. Bf3 Ne5+ 31. Kh2 Nxf3# 0-1

[Event "*** Titled Tuesday Blitz"]
[Site "Chess.com"]
[Date "2021.04.20"]
[Round "1"]
[White "exoticprincess"]
[Black "UnknownxArmy"]
[Result "1-0"]
[WhiteElo "2931"]
[BlackElo "2461"]
[TimeControl "180+1"]
[EndTime "10:06:55 PDT"]
[Termination "exoticprincess won by resignation"]

1. d4 Nf6 2. Nc3 d5 3. Bf4 e6 4. Nb5 Na6 5. e3 c6 6. Nc3 Nc7 7. Nf3 Bd6 8. Bd3 O-O 9. Ne5 c5 10. dxc5 Bxc5 11. Qf3 d4 12. exd4 Bxd4 13. O-O-O Bxc3 14. Bxh7+ Nxh7 15. Rxd8 Bxb2+ 16. Kxb2 Rxd8 17. Nxf7 Rf8 18. Bxc7 Rxf7 19. Qg3 Bd7 20. Rd1 Rc8 21. Be5 Ba4 22. Rd2 Bc6 23. f3 Bd5 24. h4 Nf6 25.
Bxf6 Rxf6 26. h5 Kh7 27. Qg5 Rc4 28. a3 a5 29. c3 b5 30. Rd4 Rc7 31. Rg4 Rcf7 32.
Qg6+ Kh8 33. Qd3 Bc4 34. Qd8+ Kh7 35. Qxa5 Rd7 36. Rd4 Rd5 37. Qc7 Rff5 38. Rg4 Rg5 39. Rxg5 Rxg5 40. g4 Rd5 41. Qf4 e5 42. Qe4+ Kg8 43. a4 Rd2+ 44. Kc1 Ra2 45. axb5 Bb3 46. b6 Ra1+ 47. Kb2 Ra2+ 48. Kxb3 1-0

[Event "*** Titled Tuesday Blitz"]
[Site "Chess.com"]
[Date "2021.04.20"]
[Round "1"]
[White "freshfoodcompany"]
[Black "Murad_Ibrahimli"]
[Result "0-1"]
[WhiteElo "2410"]
[BlackElo "2742"]
[TimeControl "180+1"]
[EndTime "10:06:55 PDT"]
[Termination "Murad_Ibrahimli won by resignation"]

1. d4 Nf6 2. c4 e6 3. Nf3 Bb4+ 4. Bd2 Qe7 5. e3 O-O 6. Bd3 Bxd2+ 7. Qxd2 d6 8. Nc3 e5 9. Bc2 Bg4 10. h3 Bxf3 11.
gxf3 exd4 12. Qxd4 Nc6 13. Qh4 g6 14. O-O-O Ne5 15.
f4 Nxc4 16. f5 b5 17. fxg6 fxg6 18. Nxb5 d5 19. Nc3 c6 20. Bb3 Na5 21. Bc2 Rab8 22. e4 Qb4 23. Bb3 Nxb3+ 24. axb3 Qxb3 25. Rd2 d4 26.
Nd1 Rb4 27. e5 Nd5 28. Rxd4 Rxd4 29. Qxd4 Rf4 30. Qd2 Rc4+ 31. Kb1 Ra4 32. Nc3 Nxc3+ 33. Qxc3 Qa2+ 34. Kc2 Rc4 35. Re1 Rxc3+ 36. Kxc3 Qa5+ 0-1

[Event "*** Titled Tuesday Blitz"]
[Site "Chess.com"]
[Date "2021.04.20"]
[Round "1"]
[White "Didici"]
[Black "fyall777"]
[Result "1-0"]
[WhiteElo "2613"]
[BlackElo "2314"]
[TimeControl "180+1"]
[EndTime "10:06:55 PDT"]
[Termination "Didici won on time"]

1. e4 c5 2. Nf3 d6 3. Nc3 e5 4. Bc4 Be7 5. d3 a6 6. a3 Nf6 7. Bg5 O-O 8. Bxf6 Bxf6 9. Nd2 Be6 10. Nf1 Bg5 11. h4 Bh6 12. Ne3 Bxe3 13. fxe3 Nc6 14.
Qd2 b5 15. Bd5 Rc8 16. Qf2 b4 17. Ne2 Bxd5 18. exd5 Ne7 19. e4 f5 20. Qe3 f4 21.
Qf3 a5 22. a4 c4 23. O-O Ng6 24. h5 Nh4 25. Qg4 Rf6 26. Qxh4 cxd3 27. cxd3 Rc2 28. Rf2 Rxb2 29. d4 Qb6 30. Rc1 h6 31. Qg4 exd4 32.
Nxf4 Rxf2 33. Rc8+ Kh7 34. Qg6+ 1-0

[Event "*** Titled Tuesday Blitz"]
[Site "Chess.com"]
[Date "2021.04.20"]
[Round "1"]
[White "Matensien"]
[Black "Aygehovit1992"]
[Result "0-1"]
[WhiteElo "2372"]
[BlackElo "2678"]
[TimeControl "180+1"]
[EndTime "10:06:56 PDT"]
[Termination "Aygehovit1992 won by checkmate"]

1. c4 e5 2. g3 Nc6 3. Bg2 f5 4. Nc3 Nf6 5. Nf3 e4 6. Nh4 d5 7. cxd5 Nxd5 8. d3 Nxc3 9. bxc3 g5 10. e3 gxh4 11. Qh5+ Ke7 12. dxe4 Qd6 13. a4 Qg6 14.
Qxh4+ Kf7 15. exf5 Bxf5 16. O-O Be7 17. Bd5+ Kg7 18. Qf4 Bd6 19. Qc4 Bd3 20. Qb3 Bxf1 21. Kxf1 Ne7 22. Bg2 Rhf8 23. c4 Be5 24. Ra2 Rad8 25.
Bd2 Qb6 26. Qc2 Nc6 27. Kg1 Nb4 28. Bxb4 Qxb4 29. Be4 Qe1+ 30. Kg2 Rd1 31. Ra3 Qf1# 0-1

[Event "*** Titled Tuesday Blitz"]
[Site "Chess.com"]
[Date "2021.04.20"]
[Round "1"]
[White "TST2014"]
[Black "ybruned"]
[Result "1-0"]
[WhiteElo "2639"]
[BlackElo "2337"]
[TimeControl "180+1"]
[EndTime "10:06:57 PDT"]
[Termination "TST2014 won by resignation"]

1. d4 b6 2. e4 Bb7 3. Bd3 e6 4. Nf3 d5 5. Nbd2 c5 6. c3 Nf6 7. Qe2 dxe4 8. Nxe4 Nbd7 9. O-O Be7 10. Rd1 cxd4 11. Nxd4 O-O 12. Ng5 Nc5 13. Ndxe6 Nxe6 14. Nxe6 fxe6 15. Bxh7+ Nxh7 16. Qxe6+ Rf7 17. Rxd8+ Rxd8 18. Be3 Bd5 19. Qg6 Nf6 20. b3 Be4 21. Qg3 Bc5 22. Bxc5 bxc5 23. c4 Rfd7 24. h3 Bh7 25.
Qe5 Re8 26. Qxc5 Ne4 27. Qc6 Rde7 28. f3 Ng3 29. Qd6 Ne2+ 30. Kf2 Kh8 31. Re1 Bf5 32.
Qd2 Bg6 33. Qg5 Kh7 34. c5 Re5 35. Qh4+ Rh5 36. Qc4 Rhe5 37. c6 Bf5 38. c7 Bc8 39. b4 a6 40. a4 Kh8 41. b5 axb5 42. axb5 R5e6 43. b6 Rxb6 44. Rxe2 Rxe2+ 45. Qxe2 Ba6 46. Qe8+ 1-0

[Event "*** Titled Tuesday Blitz"]
[Site "Chess.com"]
[Date "2021.04.20"]
[Round "1"]
[White "martinique24"]
[Black "Hikaru"]
[Result "0-1"]
[WhiteElo "2472"]
[BlackElo "3161"]
[TimeControl "180+1"]
[EndTime "10:06:58 PDT"]
[Termination "Hikaru won by resignation"]

1. e4 g6 2. d4 Bg7 3. Nc3 c6 4. f4 d5 5. e5 h5 6. Nf3 Bg4 7. Be3 Nh6 8. h3 Nf5 9. Bf2 Bxf3 10. Qxf3 h4 11. Bd3 e6 12. O-O Nd7 13. Ne2 Bf8 14. Kh2 Rc8 15. Ng1 c5 16. c3 cxd4 17. cxd4 Nb8 18.
Qe2 Nc6 19. Nf3 Be7 20. Rac1 Kf8 21. a3 Kg7 22. Rc2 Nb8 23. Rfc1 Rxc2 24. Qxc2 Nc6 25. Qb3 Qb8 26. Qb5 a6 27. Qb6 Bd8 28. Qb3 Qc7 29. a4 Qd7 30. Qd1 Qc7 31. b3 Qb6 32. Bb1 Be7 33.
Bxf5 exf5 34. Rc3 Nd8 35. Ng5 Bxg5 36. fxg5 Ne6 37. Qe1 Qb4 38. Rd3 Qxe1 39. Bxe1 Nxg5 40. Rc3 Ne6 41. Bf2 g5 42. Kg1 Rd8 43. Kf1 Rd7 44. Ke2 Rc7 45. Rxc7 Nxc7 46. Kd3 Kf8 47. b4 b5 48. axb5 axb5 49. g3 hxg3 50. Bxg3 Ne6 51. h4 f4 52. Be1 g4 53. h5 Kg7 54. Bh4 Kh6 55. Ke2 f3+ 56. Ke3 Kxh5 57. Bf6 Kg6 58. Be7 Kf5 59. Bf6 Nf8 60. Be7 Nd7 61. Bd8 Nb8 62.
Bf6 Nc6 0-1

[Event "*** Titled Tuesday Blitz"]
[Site "Chess.com"]
[Date "2021.04.20"]
[Round "1"]
[White "Genghis_K"]
[Black "JoachimMouhamad"]
[Result "1-0"]
[WhiteElo "2943"]
[BlackElo "2463"]
[TimeControl "180+1"]
[EndTime "10:07:00 PDT"]
[Termination "Genghis_K won on time"]

1. e4 e5 2. Nf3 Nc6 3. Bb5 a6 4. Ba4 Nf6 5. O-O Be7 6. Re1 b5 7. Bb3 d6 8. c3 O-O 9. a4 Bb7 10. d4 h6 11. Nbd2 Re8 12. Bc2 Nb8 13. dxe5 dxe5 14.
Nxe5 Bc5 15. Nef3 Ng4 16. Nd4 Qh4 17. N2f3 Qxf2+ 18. Kh1 Nd7 19. Rf1 Bxe4 20. Bxe4 Rxe4 21. h3 Qg3 22. hxg4 Nf6 23. Nh2 Rae8 24. Qf3 Qh4 25. Qh3 Qxh3 26. gxh3 Bxd4 27. cxd4 Rxd4 28. Bxh6 1-0

[Event "*** Titled Tuesday Blitz"]
[Site "Chess.com"]
[Date "2021.04.20"]
[Round "1"]
[White "NTBT_DHS"]
[Black "supertfc"]
[Result "1-0"]
[WhiteElo "2701"]
[BlackElo "2372"]
[TimeControl "180+1"]
[EndTime "10:07:00 PDT"]
[Termination "NTBT_DHS won on time"]

1. e4 e5 2. Nf3 Nc6 3. Bc4 Nf6 4.
Ng5 d5 5. exd5 Na5 6. Bb5+ c6 7. dxc6 bxc6 8. Bd3 h6 9. Ne4 Nxe4 10. Bxe4 Bd6 11. O-O O-O 12. d3 f5 13. Bf3 Rb8 14. Nc3 c5 15.
Bd5+ Kh8 16. Qh5 Qf6 17. h4 Bd7 18. Bg5 Be8 19. Qxe8 Rbxe8 20. Bxf6 Rxf6 21. Rae1 Rb8 22. b3 Bc7 23. g3 Nc6 24. Bxc6 Rxc6 25. Nd5 Bd6 26.
c4 a5 27. h5 a4 28. Rb1 Ra6 29. bxa4 Rba8 30. Rb5 Kg8 31. Rfb1 R8a7 32. Nb6 Bf8 33. Kg2 Kf7 34. Nc8 Rc7 35. Rb7 Rxb7 36. Rxb7+ Ke6 37. Nb6 Bd6 38. Kf3 Ra5 39. Nc8 Ra6 40. Rxg7 1-0

[Event "*** Titled Tuesday Blitz"]
[Site "Chess.com"]
[Date "2021.04.20"]
[Round "1"]
[White "Borsuk_Konstantin"]
[Black "dpopadic"]
[Result "1-0"]
[WhiteElo "2704"]
[BlackElo "2383"]
[TimeControl "180+1"]
[EndTime "10:07:02 PDT"]
[Termination "Borsuk_Konstantin won by resignation"]

1. d4 Nf6 2. c4 g6 3. Nc3 Bg7 4. e4 d6 5. f3 O-O 6. Be3 c5 7. dxc5 dxc5 8. Qxd8 Rxd8 9. Bxc5 Nc6 10.
Nd5 Nd7 11. Bxe7 Nxe7 12. Nxe7+ Kf8 13. Nd5 Bxb2 14. Rb1 Bg7 15. Nh3 b6 16. Nhf4 Bb7 17. Nc7 Rac8 18. Nb5 Ne5 19. Kf2 a6 20. Na3 Rc6 21.
Nd5 Nd7 22. Be2 Bd4+ 23. Kg3 Bc5 24. Nc2 Ne5 25. f4 Nd7 26. Ncb4 Re6 27. Bf3 Rc8 28. e5 Ree8 29. Bg4 Red8 30. Rhc1 Rb8 31. Nd3 Bd4 32. Rd1 Nc5 33. Nxc5 Bxc5 34. Nf6 Kg7 35. Nd7 Ra8 36. Nxc5 Rxd1 37. Bxd1 bxc5 38. Rxb7 Rd8 39. Bf3 Rd4 40.
Bd5 1-0

[Event "*** Titled Tuesday Blitz"]
[Site "Chess.com"]
[Date "2021.04.20"]
[Round "1"]
[White "DKmirl"]
[Black "CM_rui"]
[Result "0-1"]
[WhiteElo "1869"]
[BlackElo "2476"]
[TimeControl "180+1"]
[EndTime "10:07:02 PDT"]
[Termination "CM_rui won on time"]

1. d4 Nf6 2. c4 e6 3. Nf3 Bb4+ 4.
Bd2 Qe7 5. g3 O-O 6. Bg2 Bxd2+ 7. Qxd2 d6 8. O-O e5 9. d5 a5 10. Nc3 Na6 11. a3 Nc5 12. Qc2 a4 13. Nd2 Ng4 14.
h3 Nh6 15. b3 f5 16. bxa4 Bd7 17. Rfb1 b6 18. Rb4 f4 19. Nde4 Bf5 20. Qd1 Qd7 21.
Kh2 Nxe4 22. Nxe4 Bxe4 23. Bxe4 fxg3+ 24. fxg3 Rf2+ 25. Bg2 Raf8 26. Rb3 e4 27. a5 bxa5 28.
Rab1 Qf5 29. Rb8 Qh5 30. Rxf8+ Rxf8 31. e3 Qe5 32. Qe1 Nf5 0-1

[Event "*** Titled Tuesday Blitz"]
[Site "Chess.com"]
[Date "2021.04.20"]
[Round "1"]
[White "Goryachkina"]
[Black "Politov_Pavel"]
[Result "1-0"]
[WhiteElo "2657"]
[BlackElo "2354"]
[TimeControl "180+1"]
[EndTime "10:07:03 PDT"]
[Termination "Goryachkina won by resignation"]

1. e4 e5 2. Nf3 Nc6 3. Nc3 Nf6 4. h3 Bb4 5. Nd5 Bc5 6. c3 d6 7. d3 h6 8. b4 Bb6 9. Nxb6 axb6 10. Be2 O-O 11.
O-O Be6 12. Qc2 d5 13. b5 Na7 14. c4 dxe4 15. dxe4 Nd7 16. Rd1 Qe7 17. a4 f6 18.
a5 Nc8 19. Ba3 Nc5 20. axb6 Nxb6 21. Bb4 Rxa1 22. Rxa1 Nbd7 23. Nh4 Qf7 24. Bg4 Bxg4 25. hxg4 Qe6 26. Nf5 b6 27. Ra7 Rc8 28. f3 Kh7 29. Qe2 c6 30. Bxc5 bxc5 31. Qd2 Nf8 32. Rxg7+ 1-0

[Event "*** Titled Tuesday Blitz"]
[Site "Chess.com"]
[Date "2021.04.20"]
[Round "1"]
[White "annamaja"]
[Black "albi1999"]
[Result "0-1"]
[WhiteElo "2274"]
[BlackElo "2591"]
[TimeControl "180+1"]
[EndTime "10:07:03 PDT"]
[Termination "albi1999 won on time"]

1. e4 e5 2. Nf3 Nc6 3. Bc4 Bc5 4. d3 Nf6 5. O-O d6 6. c3 h6 7.
h3 a6 8. Bb3 Ba7 9. Be3 O-O 10.
Nbd2 Be6 11. Bc2 d5 12. exd5 Nxd5 13. Bxa7 Rxa7 14. Re1 Nf4 15. Ne4 Bd5 16. Ng3 Re8 17. Re3 Ra8 18. Bb3 Qd7 19. Qd2 Rad8 20. Ne2 Bxb3 21. Nxf4 Bxa2 22. Nxe5 Nxe5 23. Rxa2 Qf5 24. Rg3 Rd6 25. Ra1 Red8 26. Rd1 Rf6 27. d4 Qxf4 28. Qxf4 Rxf4 29. Re1 Ng6 0-1

[Event "*** Titled Tuesday Blitz"]
[Site "Chess.com"]
[Date "2021.04.20"]
[Round "1"]
[White "barbara25"]
[Black "Harry_Rakkel"]
[Result "1/2-1/2"]
[WhiteElo "2309"]
[BlackElo "2598"]
[TimeControl "180+1"]
[EndTime "10:07:04 PDT"]
[Termination "Game drawn by repetition"]

1. e4 c5 2. Nf3 e6 3. g3 Nc6 4. Bg2 Nf6 5. d3 Be7 6. O-O d5 7. exd5 Nxd5 8. d4 O-O 9. Re1 cxd4 10.
Nxd4 Nxd4 11. Qxd4 Bf6 12. Qd1 Bd7 13. c4 Nb4 14. Nc3 Bc6 15. a3 Qxd1 16. Rxd1 Bxc3 17.
bxc3 Na6 18. Bxc6 bxc6 19. Be3 Rfb8 20. Rd7 c5 21. Rad1 h5 22. Re7 Re8 23. Rxe8+ Rxe8 24. Rd6 Nb8 25. Bxc5 Rc8 26. Bxa7 Nc6 27. Bb6 Kf8 28. c5 Ke7 29. a4 Ne5 30. a5 Ra8 31. f4 Nc4 32. Rc6 Nxa5 33. Rc7+ Kf6 34. c6 Kg6 35.
Bd4 Ra6 36. Rc8 Nxc6 37. Rc7 Ra1+ 38. Kg2 Ra2+ 39. Kh3 Na5 40. Ra7 Ra1 41. c4 Rd1 42. Rxa5 Rxd4 43. Rc5 Rd2 44. Rc7 Rc2 45. Rc5 Kh6 46. Rc7 Kg6 47. Rc6 Rc1 48. Rc7 Kf6 49. Rc5 g6 50. Rc7 Rc2 51. Rc6 Ke7 52.
Rc7+ Kf6 53. Rc6 Kf5 54. Rc5+ Kf6 55. Rc6 1/2-1/2

[Event "*** Titled Tuesday Blitz"]
[Site "Chess.com"]
[Date "2021.04.20"]
[Round "1"]
[White "abhidabhi"]
[Black "mbachez"]
[Result "1-0"]
[WhiteElo "2828"]
[BlackElo "2445"]
[TimeControl "180+1"]
[EndTime "10:07:05 PDT"]
[Termination "abhidabhi won by resignation"]

1. Nf3 Nf6 2. g3 d5 3. Bg2 c6 4. O-O Bf5 5. c4 e6 6. cxd5 exd5 7. d3 Be7 8. Nc3 O-O 9. Qb3 Qb6 10. Qc2 Na6 11. e4 dxe4 12. dxe4 Bg6 13. Be3 Qa5 14. a3 Rfe8 15. Nh4 Ng4 16. Nxg6 hxg6 17. Bd2 Qh5 18. h3 Ne5 19. f4 Nc4 20. Rae1 Rad8 21. Bc1 Nc5 22. Nd1 b5 23. Nf2 Ne6 24. e5 Bc5 25.
Kh2 Nd4 26. Qe4 f5 27. Qd3 g5 28. b3 Nxa3 29. Qc3 Bf8 30. e6 b4 31. Qd3 Ndc2 32.
Qxf5 Nxe1 33. Rxe1 Qh7 34. Qf7+ Kh8 35. e7 Bxe7 36. Rxe7 Rxe7 37. Qxe7 Rg8 38. Qxg5 Nc2 39. Be4 Ne1 40. Bxh7 Nf3+ 41. Kg2 Nxg5 42. Bxg8 1-0

[Event "*** Titled Tuesday Blitz"]
[Site "Chess.com"]
[Date "2021.04.20"]
[Round "1"]
[White "olksuna"]
[Black "Kopytkin"]
[Result "1-0"]
[WhiteElo "2667"]
[BlackElo "2364"]
[TimeControl "180+1"]
[EndTime "10:07:05 PDT"]
[Termination "olksuna won on time"]

1. e4 Nf6 2. e5 Nd5 3. d4 d6 4. c4 Nb6 5. f4 dxe5 6. fxe5 c5 7. d5 e6 8. Nc3 exd5 9. cxd5 c4 10. a3 Bc5 11.
Bf4 O-O 12. Qd2 Na6 13. Nf3 Bf5 14. Be2 Re8 15. Rd1 Qd7 16. Nd4 Bd3 17. Bxd3 cxd3 18. Qxd3 Nxd5 19. Nf3 Qg4 20. Nxd5 Qxg2 21. Rf1 Rad8 22.
Ng5 Qxg5 23. Bxg5 Rxe5+ 24. Be3 Bxe3 25. Nxe3 Rxd3 26. Rxd3 g6 27. Kf2 Nc5 28. Rd5 Ne4+ 29.
Kg2 Rg5+ 30. Rxg5 Nxg5 31. Rd1 f5 32. Rd7 f4 33. Ng4 Ne4 34. Rxb7 h5 35. Re7 1-0

[Event "*** Titled Tuesday Blitz"]
[Site "Chess.com"]
[Date "2021.04.20"]
[Round "1"]
[White "Nozdrachev_Leonid"]
[Black "yuki_chess123"]
[Result "0-1"]
[WhiteElo "2536"]
[BlackElo "2239"]
[TimeControl "180+1"]
[EndTime "10:07:05 PDT"]
[Termination "yuki_chess123 won by resignation"]

1. e4 g6 2. d4 Bg7 3. Nf3 c6 4. Nc3 d5 5. Bd3 Bg4 6. Be3 Nf6 7. e5 Nfd7 8. h3 Bxf3 9. Qxf3 e6 10. Ne2 c5 11. c3 Nc6 12. O-O cxd4 13. cxd4 O-O 14. a3 Ndxe5 15. dxe5 Nxe5 16. Qg3 Nxd3 17. Bg5 f6 18. Bxf6 Qxf6 19. Qxd3 Rac8 20. Rab1 Rc4 21. b3 Rc6 22. Qb5 Rf7 23. Qd3 Rfc7 24. Rbe1 a6 25. a4 Rc2 26. g3 g5 27. Qe3 e5 28. Qd3 Qc6 29. Qf5 h6 30. Rc1 Qf6 31. Rxc2 Qxf5 32. Rxc7 d4 33. Rxb7 Qf3 34. Rb8+ Kh7 35. Nc1 d3 36.
Rd8 e4 37. b4 Bc3 38. b5 axb5 39. axb5 Ba5 40. Nb3 Bxd8 41. Nd4 Qf6 42. Nc6 Bb6 43. Nb4 d2 44. Nd5 Qxf2+ 45. Rxf2 d1=Q+ 46. Kg2 Bxf2 47. Nf6+ Kg6 48. Nxe4 Qd5 49. Kf3 Bb6 50. g4 Qd3+ 0-1

[Event "*** Titled Tuesday Blitz"]
[Site "Chess.com"]
[Date "2021.04.20"]
[Round "1"]
[White "WinstonSilvakov"]
[Black "kleopl"]
[Result "0-1"]
[WhiteElo "2095"]
[BlackElo "2501"]
[TimeControl "180+1"]
[EndTime "10:07:06 PDT"]
[Termination "kleopl won by resignation"]

1. e4 c6 2. d4 d5 3. exd5 cxd5 4. c4 Nf6 5. Nc3 g6 6. Nf3 Bg7 7. Be2 O-O 8. O-O dxc4 9. Bxc4 Nbd7 10. Bb3 Nb6 11. Ne5 Nfd5 12. Qe2 Qd6 13. Nb5 Qd8 14. Rd1 Bf5 15. h3 a6 16. Nc3 Rc8 17. Ne4 Bxe4 18. Qxe4 e6 19. Nd3 Qe7 20. Nc5 Rfd8 21.
Bd2 Bxd4 22. Qxd4 Qxc5 23. Qh4 Qe7 24. Qh6 Qf8 25. Qh4 Qg7 26. Ba5 Re8 27. Rd2 Rc5 28. Bxb6 Nxb6 29. Rad1 h5 30. Rd8 Rc8 31. R8d6 Na8 32.
Rd7 Nc7 33. Rxc7 Rxc7 34. Rd8 Rc8 35. Rxc8 Rxc8 36. Qe7 Qe5 37. g3 Rc1+ 0-1

[Event "*** Titled Tuesday Blitz"]
[Site "Chess.com"]
[Date "2021.04.20"]
[Round "1"]
[White "gisela_roque"]
[Black "lider34"]
[Result "0-1"]
[WhiteElo "1799"]
[BlackElo "2475"]
[TimeControl "180+1"]
[EndTime "10:07:06 PDT"]
[Termination "lider34 won on time"]

1. c4 g6 2. Nf3 Bg7 3. g3 c5 4. Bg2 Nc6 5. Nc3 d6 6. a3 Rb8 7. Rb1 a6 8. b4 cxb4 9. axb4 b5 10. cxb5 axb5 11. O-O Bf5 12. e4 Bg4 13. h3 Bxf3 14. Qxf3 Nf6 15. Qd1 Nd7 16. Ne2 O-O 17. d4 Nb6 18.
Be3 Nc4 19. Nc3 Qd7 20. Qd3 Qb7 21. Rfc1 Rfc8 22. Nd5 e6 23. Nc3 Nxe3 24. fxe3 Na7 25. Ne2 Rxc1+ 26. Rxc1 Rc8 27. Rxc8+ Qxc8 28. Qc3 Qb7 29. e5 d5 30. Nc1 Nc8 31. Nd3 Nb6 32. Nc5 Qa7 33. Bf1 Nc4 34. Bxc4 bxc4 35. b5 Bf8 36. Qb4 Qb6 37. Qa4 Bxc5 38. dxc5 Qxc5 0-1

[Event "*** Titled Tuesday Blitz"]
[Site "Chess.com"]
[Date "2021.04.20"]
[Round "1"]
[White "guillembaches"]
[Black "esteban062000"]
[Result "1-0"]
[WhiteElo "2511"]
[BlackElo "2171"]
[TimeControl "180+1"]
[EndTime "10:07:07 PDT"]
[Termination "guillembaches won by resignation"]

1. e4 c5 2. Nf3 g6 3. d4 cxd4 4.
Qxd4 Nf6 5. c4 Nc6 6. Qe3 d6 7. h3 Bg7 8. Be2 O-O 9. O-O Be6 10. Nc3 a6 11. Rd1 Qa5 12. Bd2 Rfc8 13. Nd5 Qd8 14. Nb6 Rab8 15. Nxc8 Rxc8 16. Bc3 Na5 17. c5 Qc7 18.
cxd6 exd6 19. Rac1 Nc6 20. Qf4 Nh5 21. Qxd6 Bxc3 22.
Rxc3 Bxa2 23. Qxc7 Rxc7 24. b3 Nf4 25. Bf1 Re7 26.
g3 Nh5 27. Re3 Nb4 28. Bc4 b5 29. Bd5 Nf6 30. Nd4 Nfxd5 31. exd5 Rxe3 32. fxe3 Nxd5 33. Ra1 Nb4 34. Nc6 Nxc6 35. Rxa2 Nb4 36. Rd2 Kg7 37. Rd4 Nc6 38. Rd6 Nb4 39. Kf2 Kf8 40. e4 Ke7 41.
e5 h6 42. Ke3 h5 43. Ke4 Ke8 44. g4 Ke7 45. gxh5 gxh5 46. Kf5 a5 47. Rb6 a4 48. Rxb5 Nc6 49. bxa4 Nd4+ 50. Kg5 Nxb5 51. axb5 Ke6 52. b6 Kxe5 53. b7 f6+ 54. Kxh5 f5 55. b8=Q+ 1-0

[Event "*** Titled Tuesday Blitz"]
[Site "Chess.com"]
[Date "2021.04.20"]
[Round "1"]
[White "plumalka"]
[Black "ZeZacarias"]
[Result "0-1"]
[WhiteElo "2482"]
[BlackElo "2145"]
[TimeControl "180+1"]
[EndTime "10:07:07 PDT"]
[Termination "ZeZacarias won by resignation"]

1. e4 e6 2. d4 d5 3. Nc3 Nf6 4. Bg5 dxe4 5. Nxe4 Be7 6. Bxf6 gxf6 7. Nf3 f5 8. Ned2 c5 9. dxc5 Bxc5 10. Bd3 a6 11.
O-O Nc6 12. a3 O-O 13. b4 Bb6 14. Nc4 Bc7 15. Qe2 Qf6 16. Rae1 b5 17. Nce5 Nxe5 18. Nxe5 Bb7 19. f4 Kh8 20. Qh5 Qg7 21. Re2 Rad8 22. h3 f6 23. Nf3 Rg8 24. Qh4 Bd5 25. Qf2 Bxf4 26. Nh4 Bg3 27. Qd4 Bxh4 28. Qxh4 Qxg2+ 29. Rxg2 Rxg2+ 30. Kh1 Rg4+ 31. Kh2 Rxh4 32. Kg3 Rh6 0-1

[Event "*** Titled Tuesday Blitz"]
[Site "Chess.com"]
[Date "2021.04.20"]
[Round "1"]
[White "Manukyan_Artak"]
[Black "Durarbayli"]
[Result "0-1"]
[WhiteElo "2409"]
[BlackElo "2741"]
[TimeControl "180+1"]
[EndTime "10:07:09 PDT"]
[Termination "Durarbayli won by resignation"]

1. e4 e5 2. Nf3 Nc6 3. d4 exd4 4.
Nxd4 Bc5 5. Nxc6 Qf6 6. Qf3 bxc6 7. Bc4 Qxf3 8. gxf3 Ne7 9. h4 d5 10. Bd3 Rb8 11.
Nd2 O-O 12. h5 f5 13. Nb3 Bd6 14. h6 g6 15. Be3 fxe4 16. fxe4 Bg4 17. Bxa7 Rbe8 18.
a4 Bf3 19. Rh3 g5 20. Nd4 Bxe4 21. Bxe4 Nc8 22. Nxc6 Nxa7 23. Nxa7 Rxe4+ 24. Re3 Ref4 25. Re2 Bc5 26. Nb5 c6 27. Nc3 Bxf2+ 28. Kd2 Rd4+ 29. Kc1 g4 30. Kb1 g3 31. Ka2 g2 32. a5 Rg4 33. Rxf2 Rxf2 34. Rg1 Rf1 35. Ne2 Rxg1 36. Nxg1 Ra4+ 37. Kb3 Rxa5 38. Kc3 Ra1 39.
Ne2 g1=Q 40. Nxg1 Rxg1 0-1

[Event "*** Titled Tuesday Blitz"]
[Site "Chess.com"]
[Date "2021.04.20"]
[Round "1"]
[White "Igor_Lysyj"]
[Black "erdni1993"]
[Result "1-0"]
[WhiteElo "2781"]
[BlackElo "2420"]
[TimeControl "180+1"]
[EndTime "10:07:11 PDT"]
[Termination "Igor_Lysyj won by resignation"]

1. d4 Nf6 2. c4 e6 3. Nf3 c5 4. d5 exd5 5. cxd5 Bd6 6. Nc3 O-O 7. e4 Re8 8. Bd3 h6 9. O-O Bc7 10. h3 d6 11. Bf4 a6 12. a4 Nbd7 13. Bh2 Rb8 14.
Re1 Ne5 15. Nxe5 dxe5 16. Bf1 Bd6 17. a5 b5 18. axb6 Qxb6 19. Ra2 c4 20. Bxc4 Bc5 21. Qe2 Bd4 22. Bg3 Qb4 23. Bxa6 Bxa6 24. Qxa6 Bxc3 25.
bxc3 Qxc3 26. Rae2 Rb2 27. Kh2 Rxe2 28. Qxe2 Rc8 29.
Rd1 Nd7 30. Qg4 Rc7 31. Rb1 g6 32. Qh4 Kg7 33. Qd8 Qc5 34. Ra1 f6 35. Ra8 Nf8 36. d6 Rd7 37. Qxf8+ 1-0